 Dungeon Crawl Stone Soup version 0.28.0 (webtiles) character file.

Game seed: 11320436062386941992

4781 Ajdolov the Carver (level 10, -1/70 HPs)
             Began as a Formicid Fighter on Feb 13, 2022.
             Was a Believer of Uskayaw.
             Slain by Maggie (16 damage)
             ... on level 8 of the Dungeon.
             The game lasted 00:18:10 (11979 turns).

Ajdolov the Carver (Formicid Fighter)              Turns: 11979, Time: 00:18:11

Health: -1/70      AC: 10    Str: 24    XL:     10   Next: 75%
Magic:  18/18      EV:  9    Int:  9    God:    Uskayaw [**....]
Gold:   376        SH:  0    Dex: 10    Spells: 9/9 levels left

rFire   . . .      SeeInvis +   A - +4 scimitar (flame)
rCold   + . .      Faith    .   c - +0 buckler
rNeg    + . .      Spirit   .   n - +2 scale mail {rC+}
rPois   .          Reflect  .   (helmet unavailable)
rElec   .          Harm     .   j - +0 cloak
rCorr   .          Rampage  .   (no gloves)
Will    +....                   (no boots)
Stlth   ..........              (no amulet)
HPRegen 0.21/turn               x - ring of positive energy
MPRegen 0.16/turn               (no ring)

@: confused, mesmerised
A: permanent stasis, dig shafts and tunnels, antennae 3, four strong arms
a: Dig, Shaft Self, Renounce Religion, Stomp, Line Pass


You were on level 8 of the Dungeon.
You worshipped Uskayaw.
Uskayaw was aware of your devotion.
You visited 2 branches of the dungeon, and saw 9 of its levels.

You collected 376 gold pieces.

Inventory:

Hand Weapons
 m - a +0 great sword
 A - a +4 scimitar of flaming (weapon)
Missiles
 g - a throwing net
Armour
 c - a +0 buckler (worn)
 j - a +0 cloak (worn)
 n - a +2 scale mail of cold resistance (worn)
Jewellery
 t - a ring of wizardry
 x - a ring of positive energy (left hand)
Scrolls
 d - a scroll of fear {unknown}
 e - a scroll of torment {unknown}
 h - 3 scrolls of enchant armour
 i - a scroll of fog {unknown}
 l - a scroll of silence {unknown}
 p - a scroll of acquirement {unknown}
 q - 3 scrolls of immolation
 r - 2 scrolls of amnesia
 u - a scroll of holy word {unknown}
 y - 2 scrolls of enchant weapon {unknown}
Potions
 b - 2 potions of resistance
 f - a potion of lignification {unknown}
 k - a potion of heal wounds
 o - a potion of haste {unknown}
 s - 2 potions of berserk rage {unknown}
 v - 2 potions of mutation
 w - a potion of attraction {unknown}
 z - a potion of flight {unknown}


   Skills:
 - Level 3.2 Fighting
 + Level 11.7 Long Blades
 - Level 3.2 Armour
 - Level 3.6 Shields
 * Level 11.4 Invocations


You had 9 spell levels left.
You didn't know any spells.
Your spell library contained the following spells:

 Spells                   Type           Power      Damage    Failure   Level
 Pain                     Necr           0%         1d4       77%         1
 Frozen Ramparts          Ice            0%         1d2       98%         3
 Ice Form                 Ice/Tmut       0%         N/A       100%        4
 Summon Ice Beast         Ice/Summ       0%         N/A       100%        4
 Agony                    Necr           0%         N/A       100%        5
 Excruciating Wounds      Necr           0%         N/A       100%        5


Dungeon Overview and Level Annotations

Branches:
Dungeon (8/15)             Temple (1/1) D:7
   Lair: D:8-11

Altars:
Ashenzari
Cheibriados
Dithmenos
Hepliaklqana
Nemelex Xobeh
Qazlal
Sif Muna
Uskayaw
Xom

Shops:
D:4 (

Annotations:
D:6 1 runed translucent door, Crazy Yiuf
D:8 Joseph, Maggie, Maurice


Innate Abilities, Weirdness & Mutations

You cannot be hasted, slowed, berserked, paralysed or teleported.
You can dig through walls and to a lower floor.
You have a pair of large antennae on your head. (SInv)
Your four strong arms can wield two-handed weapons with a shield.


Message History

You slash the centaur! You burn the centaur.
The centaur is almost dead.
You block the centaur's attack. The centaur barely misses you.
You slash the centaur! You burn the centaur.
You kill the centaur!
You can now pass through a line of other dancers.
Things that are here:
a +0 shortbow; 12 arrows; a centaur corpse HP restored.
You now have 376 gold pieces (gained 6).
Found a stone staircase leading down.
You sense a monster nearby.
Maggie the Vainglorious comes into view.
She is wielding a +0 broad axe of flaming and carrying a wand of charming (10).
Maggie says, "Fear not.
I will immortalize you in the tale of my first kill."
Maggie casts a spell.
Maggie attempts to bespell you!
You are mesmerised by Maggie!
Maggie drinks a potion.
Maggie seems to grow stronger.
Maggie closely misses you.
You slash Maggie! You burn Maggie.
Maggie is moderately wounded.
Maggie hits you with a +0 broad axe of flaming!!
Maggie burns you!
You slash Maggie! You burn Maggie.
Maggie is heavily wounded.
Maggie zaps a wand.
Your will is overpowered!
You are confused.
You can now pass through a line of other dancers.
You're too confused to move!
Maggie hits you with a +0 broad axe of flaming.
Maggie burns you.
You bump into the rock wall.
Maggie hits you with a +0 broad axe of flaming!
* * * LOW HITPOINT WARNING * * *
Maggie burns you.
* * * LOW HITPOINT WARNING * * *
You hit Maggie. You burn Maggie.
Maggie is severely wounded.
Maggie hits you with a +0 broad axe of flaming!
You die...

### #.# .########.#
#......@@..#
#.########.# #.# #.# #.#
#.### #.# #.#.###
#########.########.#...#
........>..........<.#
######..........###### #
#.##.#####.#


You could see Maggie (mesmerising, strong).

Vanquished Creatures
  Harold (D:7)
  Erica (D:7)
  3 yaks (D:7)
  A steam dragon (D:7)
  Menkaure (D:4)
  2 water moccasins
  3 sky beasts
  2 black bears
  A necrophage (D:5)
  2 ogres
  2 centaurs (D:8)
  A kobold brigand (D:7)
  A bullfrog (D:5)
  A scorpion (D:5)
  A gnoll sergeant (D:5)
  2 water moccasin zombies
  A water moccasin skeleton (D:5)
  4 wights (D:7)
  A howler monkey (D:5)
  2 centaur zombies
  2 bullfrog skeletons
  An orc priest (D:3)
  3 hounds
  An iron imp (D:7)
  4 centaur skeletons
  2 gnoll shamans
  Terence (D:2)
  2 iguanas
  3 orc wizards
  A howler monkey zombie (D:8)
  23 gnolls
  5 adders
  A shadow imp (D:5)
  3 ufetubi
  An adder skeleton (D:4)
  4 dart slugs
  14 orcs
  5 ball pythons
  3 bats
  6 endoplasms
  A giant cockroach (D:4)
  5 goblins
  10 hobgoblins
  3 jackals
  3 quokkas
  A frilled lizard (D:2)
  11 kobolds
  7 rats
  A bush (D:6)
160 creatures vanquished.

Vanquished Creatures (others)
  An ogre (D:5)
  An orc wizard (D:5)
  2 adders (D:5)
  2 quokkas (D:5)
  A kobold (D:7)
7 creatures vanquished.

Grand Total: 167 creatures vanquished

Notes
Turn   | Place    | Note
-------+----------+-------------------------------------------
     0 | D:1      | Ajdolov the Formicid Fighter began the quest for the Orb.
     0 | D:1      | Reached XP level 1. HP: 18/18 MP: 1/1
   205 | D:1      | Reached XP level 2. HP: 19/24 MP: 2/2
   741 | D:1      | Reached XP level 3. HP: 29/29 MP: 3/3
   765 | D:1      | Found a faded altar of an unknown god.
  1433 | D:2      | Noticed Terence
  1463 | D:2      | Killed Terence
  1464 | D:2      | Reached XP level 4. HP: 23/35 MP: 4/4
  1628 | D:2      | Found a stormy altar of Qazlal.
  1946 | D:2      | Reached XP level 5. HP: 24/41 MP: 5/5
  2242 | D:3      | Reached skill level 5 in Long Blades
  2424 | D:3      | You fall into a shaft and drop 3 floors!
  2431 | D:5      | Entered Level 5 of the Dungeon
  2442 | D:4      | Noticed Menkaure
  2442 | D:4      | Found Obellu's Antique Weapon Shoppe.
  2560 | D:3      | Reached XP level 6. HP: 47/47 MP: 6/6
  3059 | D:4      | Killed Menkaure
  3242 | D:4      | Reached XP level 7. HP: 52/52 MP: 7/7
  3775 | D:4      | Found a sparkling altar of Nemelex Xobeh.
  3969 | D:4      | Found a hazy altar of Hepliaklqana.
  4095 | D:5      | Noticed a water moccasin
  4097 | D:5      | Found a shimmering altar of Xom.
  4423 | D:5      | Reached XP level 8. HP: 52/58 MP: 8/8
  5129 | D:5      | Found a hide-covered altar of Uskayaw.
  5150 | D:5      | Became a worshipper of Uskayaw the Reveller
  5160 | D:5      | Reached * piety under Uskayaw
  5303 | D:5      | Reached ** piety under Uskayaw
  5348 | D:5      | Reached *** piety under Uskayaw
  5349 | D:5      | Reached skill level 1 in Invocations
  5993 | D:5      | Reached skill level 10 in Long Blades
  5993 | D:5      | Reached XP level 9. HP: 44/64 MP: 10/12
  6201 | D:6      | Found a shimmering blue altar of Sif Muna.
  6280 | D:6      | Reached skill level 5 in Invocations
  6667 | D:6      | Found a runed translucent door.
  6668 | D:6      | Noticed Crazy Yiuf
  7899 | D:7      | Found a staircase to the Ecumenical Temple.
  8649 | D:7      | Found a snail-covered altar of Cheibriados.
  9044 | D:7      | Noticed Harold
  9300 | D:7      | Killed Harold
  9301 | D:7      | Reached XP level 10. HP: 37/70 MP: 15/17
  9815 | D:8      | Reached **** piety under Uskayaw
  9973 | D:8      | Reached skill level 10 in Invocations
 10225 | D:8      | Noticed Erica
 10754 | D:8      | Noticed Maurice
 10754 | D:8      | Noticed Joseph
 11594 | Temple   | Entered the Ecumenical Temple
 11651 | D:7      | Killed Erica
 11971 | D:8      | Noticed Maggie
 11979 | D:8      | Slain by Maggie

Illustrated notes

Levels and vault maps discovered:
D:1:      heliophobic_arrival_ceremonial_halls, layout_basic,
          nicolae_ecumenical_lake_church, minivault_4
D:2:      layout_basic, basic_altar, minivault_4, uniq_terence
D:3:      layout_loops_ring
D:4:      layout_rooms, lemuel_coloured_pillars_altar,
          worldfamousw_hep_ancestral_shrine, serial_shops, shop, uniq_menkaure
D:5:      layout_basic, nicolae_uskayaw_dance_hall, xom_confusion_cloud
D:6:      layout_rooms, led_sif_pool, grunt_decor_one_mirror,
          uniq_crazy_yiuf_cottage
D:7:      layout_rooms, chei_slow_surprise, minmay_temple_entry_offerings,
          hangedman_decor_lopped, hangedman_decor_peaks_small,
          minmay_misc_feat_five, minivault_25, nicolae_figureground_sparkle,
          uniq_harold
D:8:      layout_basic, good_gods_mini_temple, minivault_5, uniq_maurice,
          uniq_maggie, uniq_joseph, uniq_erica
Temple:   dpeg_chambers_temple

Skill      XL: |  1  2  3  4  5  6  7  8  9 10 |
---------------+-------------------------------+-----
Long Blades    | 3 4 5 6 8 10 11 | 11.7
Invocations    | 4 9 11 | 11.4
Fighting       | |  3.2
Armour         | |  3.2
Shields        | |  3.6

Action                   |  1- 3 |  4- 6 |  7- 9 | 10-12 || total
-------------------------+-------+-------+-------+-------++-------
Melee: Long sword        |    91 |   111 |   431 |       ||   633
       Great sword       |       |       |    14 |    61 ||    75
       Scimitar          |       |       |       |     8 ||     8
  Use: Potion            |       |       |     4 |       ||     4
       Scroll            |       |       |     6 |       ||     6
 Stab: Paralysed         |       |       |     4 |     3 ||     7
Armor: Scale mail        |    22 |    32 |   180 |    33 ||   267
       Chain mail        |    22 |    11 |       |       ||    33
Dodge: Dodged            |    37 |    40 |   163 |    40 ||   280
Block: Buckler           |    13 |    22 |    89 |    20 ||   144
